 Dungeon Crawl Stone Soup version bcrawl-1.20.1 (webtiles) character file.

Game seed: 12947707300666036691

1509 KristoblXynda the Chopper (level 8, -3/61 HPs)
             Began as a Red Draconian Skald on Jan 26, 2020.
             Slain by a killer bee (10 damage)
             ... on level 5 of the Dungeon.
             The game lasted 00:09:19 (7057 turns).

KristoblXynda the Chopper (Red Draconian Skald)     Turns: 7057, Time: 00:09:19

Health: -3/61      AC: 12    Str: 13    XL:     8   Next: 53%
Magic:  11/11      EV: 14    Int: 16    God:
Gold:   336        SH:  0    Dex: 11    Spells: 7/11 levels left

rFire    + . .     SeeInvis .   i - +0 war axe
rCold    . . .     Gourm    .   (no shield)
rNeg     . . .     Faith    .   (armour unavailable)
rPois    .         Spirit   .   (helmet restricted)
rElec    .         Reflect  .   q - +0 cloak
rCorr    .         Harm     .   (no gloves)
MR       .....                  d - +0 pair of boots
Stlth    +.........             (no amulet)
HPRegen  0.20/turn              l - +4 ring of protection
MPRegen  0.12/turn              (no ring)

@: lethally poisoned (-3 -> -10), short of breath
A: breathe fire, unfitting armour, fire resistance 1, cold-blooded, AC +6
a: Breathe Fire


You were on level 5 of the Dungeon.
You were not hungry.

You visited 2 branches of the dungeon, and saw 6 of its levels.

You collected 336 gold pieces.

Inventory:

Hand Weapons
 i - a +0 war axe (weapon)
 t - a +0 flail
Missiles
 u - 119 javelins (quivered)
Armour
 d - a +0 pair of boots (worn)
 q - a +0 cloak (worn)
Jewellery
 l - a +4 ring of protection (left hand)
Wands
 b - a wand of polymorph (5)
 s - a wand of digging (11)
Scrolls
 a - a scroll of immolation {unknown}
 c - a scroll of fear
 g - 4 scrolls of amnesia
 h - 2 scrolls of enchant armour {unknown}
 k - a scroll of remove curse
 m - 2 scrolls of blinking {unknown}
 n - 3 scrolls of teleportation {unknown}
 r - a scroll of noise {unknown}
 w - 2 scrolls of fog {unknown}
Potions
 f - a potion of brilliance
 j - 3 potions of lignification
 o - a potion of might
 p - a potion of haste
 z - a potion of flight {unknown}
Comestibles
 e - 9 rations {!d}
 x - 3 chunks of flesh


   Skills:
 - Level 2.1 Fighting
 * Level 7.8 Axes
 + Level 5.3 Dodging
 - Level 2.0 Spellcasting
 + Level 5.5 Charms


You had 7 spell levels left.
You knew the following spells:

 Your Spells              Type           Power        Failure   Level  Hunger
a - Infusion              Chrm           ###.....     2%          1    #......
b - Regeneration          Chrm/Necr      ##........   21%         3    ###....

Your spell library contained the following spells:

 Spells                   Type           Power        Failure   Level  Hunger
 Song of Slaying          Chrm           ###.....     3%          2    ###....
 Ozocubu's Armour         Chrm/Ice       ##......     21%         3    ###....
 Spectral Weapon          Hex/Chrm       ##......     21%         3    ###....


Dungeon Overview and Level Annotations

Branches:
Dungeon (5/12)             Temple (1/1) D:5

Altars:
Cheibriados
Dithmenos
Fedhas
Gozag
Hepliaklqana
Kikubaaqudgha
Lugonu
Makhleb
Okawaru
Qazlal
Sif Muna
Trog
Uskayaw
Wu Jian
Xom
Yredelemnul
Zin
The Shining One


Innate Abilities, Weirdness & Mutations

You can breathe blasts of fire.
Your fiery red scales are hard. (AC +6)
You cannot fit into any form of body armour.
Your flesh is heat resistant. (rF+)
You are cold-blooded and may be slowed by cold attacks.


Message History

The killer bee is almost dead.
The killer bee stings you.
* * * LOW HITPOINT WARNING * * *
You are more poisoned.
The killer bee poisons you!
The killer bee stings you but does no damage.
You barely miss the killer bee.
The killer bee is almost dead.
You feel sick.
The killer bee stings you but does no damage. x2
You closely miss the killer bee.
The killer bee is almost dead.
You feel sick. The killer bee stings you.
* * * LOW HITPOINT WARNING * * *
The killer bee completely misses you.
You closely miss the killer bee.
The killer bee is almost dead.
* * * LOW HITPOINT WARNING * * *
You feel sick. The killer bee misses you. The killer bee stings you!
You die...

#........#...⌠.⌠...#
#######.##..8.8.8.##
###.#.........#
#.....##...####
#..[..###.##
####.....# #.#
.........###.#
##......#...#
#....@...###
#....y.###
.....#...## .###
#.### #.# ..# .###
#. #


You could see a killer bee.

Vanquished Creatures
  Grinder (D:3)
  Sigmund (D:4)
  A yak (D:5)
  Menkaure (D:4)
  Duvessa (D:5)
  An ogre (D:4)
  Blork the orc (D:4)
  A scorpion (D:5)
  An orc wizard (D:3)
  A jelly (D:4)
  Crazy Yiuf (D:3)
  3 orc priests
  A bullfrog skeleton (D:4)
  Ijyb (D:3)
  Terence (D:3)
  An iguana (D:4)
  3 worker ants (D:4)
  Robin (D:3)
  9 adders
  A shadow imp (D:4)
  An ooze (D:4)
  A worm (D:2)
  2 dart slugs (D:1)
  7 leopard geckos
  11 orcs
  7 bats
  3 giant cockroaches
  15 goblins
  15 hobgoblins
  9 jackals
  10 kobolds
  A quokka (D:2)
  A ball python (D:1)
  6 frilled lizards
  A jackal skeleton (D:4)
  7 rats
  3 fungi (D:3)
132 creatures vanquished.

Notes
Turn   | Place    | Note
-------+----------+-------------------------------------------
     0 | D:1      | KristoblXynda the Draconian Skald began the quest for the
                  | Orb.
     0 | D:1      | Reached XP level 1. HP: 17/17 MP: 3/3
   290 | D:1      | Reached XP level 2. HP: 23/24 MP: 5/5
   567 | D:1      | Reached XP level 3. HP: 22/29 MP: 6/6
   889 | D:1      | Reached skill level 3 in Axes
  2198 | D:2      | Reached XP level 4. HP: 36/36 MP: 7/7
  2533 | D:2      | Learned a level 3 spell: Regeneration
  3205 | D:3      | Reached XP level 5. HP: 34/41 MP: 2/8
  3212 | D:3      | Reached skill level 4 in Axes
  3445 | D:3      | Noticed Terence
  3463 | D:3      | Killed Terence
  3944 | D:3      | Noticed Ijyb
  3965 | D:3      | Killed Ijyb
  3965 | D:3      | Reached XP level 6. HP: 27/48 MP: 7/9
  4253 | D:3      | Noticed Grinder
  4269 | D:3      | Killed Grinder
  4269 | D:3      | Reached skill level 5 in Axes
  4498 | D:3      | Noticed Robin
  4512 | D:3      | Killed Robin
  4672 | D:3      | Found a runed door.
  4676 | D:3      | Noticed Crazy Yiuf
  4692 | D:3      | HP: 2/48 [Crazy Yiuf/+4 quarterstaff of chaos (4)]
  4982 | D:3      | Killed Crazy Yiuf
  4982 | D:3      | Your scales start taking on a fiery red colour.
  4982 | D:3      | Reached XP level 7. HP: 54/55 MP: 10/10
  4982 | D:3      | Gained mutation: Your flesh is heat resistant. (rF+) [Red
                  | Draconian growth]
  5586 | D:4      | Reached skill level 6 in Axes
  5738 | D:4      | Noticed Sigmund
  5750 | D:4      | Killed Sigmund
  5913 | D:4      | Noticed Blork the orc
  5918 | D:4      | Killed Blork the orc
  5963 | D:4      | Reached XP level 8. HP: 33/61 MP: 11/11
  6203 | D:4      | Noticed Menkaure
  6206 | D:4      | Killed Menkaure
  6206 | D:4      | Reached skill level 7 in Axes
  6206 | D:4      | Reached skill level 5 in Charms
  6389 | D:5      | Entered Level 5 of the Dungeon
  6409 | D:5      | Found a staircase to the Ecumenical Temple.
  6418 | D:5      | Noticed Duvessa
  6422 | Temple   | Entered the Ecumenical Temple
  6454 | D:4      | Reached skill level 5 in Dodging
  6623 | D:5      | Killed Duvessa
  7057 | D:5      | Slain by a killer bee

Skill      XL: |  1  2  3  4  5  6  7  8 |
---------------+-------------------------+-----
Charms         | 3 4 5 |  5.5
Axes           | 3 4 5 6 7 |  7.8
Dodging        | 3 4 5 |  5.3
Fighting       | |  2.1
Spellcasting   | |  2.0

Action                   |  1- 3 |  4- 6 |  7- 9 || total
-------------------------+-------+-------+-------++-------
Melee: Hand axe          |   167 |    48 |       ||   215
       Tailslap          |    13 |    18 |    11 ||    42
       War axe           |       |   141 |   131 ||   272
       Unarmed           |       |     9 |       ||     9
 Cast: Infusion          |     1 |     6 |       ||     7
       Regeneration      |       |     1 |     1 ||     2
 Abil: Breathe Fire      |       |       |     6 ||     6
  Use: Potion            |       |     3 |     1 ||     4
       Scroll            |       |     5 |     3 ||     8
 Stab: Sleeping          |       |     1 |     2 ||     3
       Confused          |       |     3 |       ||     3
       Distracted        |       |     1 |       ||     1
       Invisible         |       |     1 |       ||     1
  Eat: Chunk             |     4 |     9 |     5 ||    18
       Ration            |       |       |     1 ||     1
Armor: Skin              |    62 |    68 |    63 ||   193
Dodge: Dodged            |   118 |   121 |   111 ||   350
